Map: Mothership LE

Players

Sindyr - Winner!

  • Race: Zerg Zerg
  • League: Gold
  • Spawn Location: 1:00

romanama

  • Race: Terran Terran
  • League: Gold
  • Spawn Location: 9:00

VOD

Have the link to the VOD?

Description

Time

  • Played on: Jan. 12, 2026, 5:09 p.m.
  • Length: 18:27
Show
View Real Time Build Order
Export as new Build Order

Sindyr Zerg - Winner!

Build Orders: Hatch First 

Get SALT Encoding   

  12  0:01  Drone  
  13  0:12  Overlord  
  13  0:22  Drone  
  14  0:32  Drone  
  14  0:33  Drone  
  16  0:40  Drone  
  17  0:45  Drone  
  18  1:00  Hatchery  
  18  1:01  Overlord  
  17  1:13  Overlord  
  17  1:20  Extractor  
  17  1:21  Drone  
  17  1:30  Drone, Spawning Pool  
  17  1:39  Drone  
  18  1:50  Drone  
  19  2:00  Overlord  
  19  2:17  Queen x2  
  23  2:25  Baneling Nest  
  23  2:28  Drone x3  
  23  2:29  Drone  
  26  2:32  Drone  
  27  2:50  Metabolic Boost  
  27  2:52  Overlord x2  
  27  3:05  Zergling x4  
  27  3:06  Zergling x2  
  30  3:27  Lair, Hatchery  
  30  3:32  Zergling x6  
  32  3:35  Zergling x2  
  32  3:40  Drone x2  
  35  3:43  Drone  
  35  3:45  Drone  
  37  3:49  Drone  
  38  4:06  Roach Warren  
  38  4:09  Evolution Chamber  
  36  4:11  Evolution Chamber  
  35  4:18  Queen  
  35  4:19  Drone x2  
  35  4:21  Drone  
  35  4:23  Drone  
  41  4:26  Drone  
  42  4:43  Drone x6  
  42  4:44  Drone, Extractor  
  48  4:50  Centrifugal Hooks  
  48  4:53  Drone x2  
  50  5:04  Queen  
  52  5:20  Zerg Melee Weapons Level 1  
  52  5:25  Zerg Ground Armor Level 1  
  52  5:34  Extractor  
  51  5:35  Extractor  
  51  5:37  Drone x2  
  51  5:38  Drone  
  51  5:39  Drone x5  
  51  5:40  Drone x9  
  67  5:48  Overseer  
  67  5:56  Infestation Pit  
  66  6:23  Hydralisk Den  
  65  6:29  Glial Reconstitution, Hydralisk Den  
  64  6:39  Drone x6  
  70  6:51  Hive  
  70  6:56  Muscular Augments  
  70  7:15  Extractor  
  70  7:18  Extractor  
  68  7:25  Zerg Ground Armor Level 2, Zerg Missile Weapons Level 1  
  68  7:29  Grooved Spines  
  68  7:36  Spore Crawler  
  68  7:37  Spore Crawler x2  
  66  7:42  Hatchery  
  64  8:09  Ultralisk Cavern  
  63  8:13  Baneling x7  
  63  8:15  Baneling  
  63  8:19  Drone x4  
  70  8:20  Drone x7  
  70  8:21  Overlord x3  
  70  8:22  Overlord x7  
  70  8:24  Pneumatized Carapace  
  74  8:54  Adrenal Glands  
  74  8:57  Chitinous Plating  
  74  9:18  Zerg Melee Weapons Level 2  
  74  9:27  Queen  
  74  9:29  Drone  
  74  9:30  Drone x16  
  93  9:40  Zerg Missile Weapons Level 2  
  93  9:56  Unknown  
  93  10:05  Spore Crawler  
  92  10:07  Spore Crawler  
  92  10:10  Spine Crawler  
  92  10:12  Ultralisk, Infestor  
  92  10:13  Spore Crawler  
  97  10:15  Zergling x6, Roach x2, Anabolic Synthesis  
  97  10:16  Zergling x14, Roach x7  
  97  10:17  Roach x5, Zergling x22  
  97  10:18  Zergling x10  
  151  10:40  Zergling x4  
  151  10:41  Zergling x10  
  151  10:42  Zergling x2  
  143  10:45  Zergling x2  
  143  10:46  Zergling x4  
  123  11:02  Ultralisk x3  
  127  11:05  Zergling x22  
  129  11:21  Zergling x14  
  135  11:35  Zerg Ground Armor Level 3  
  135  11:36  Extractor  
  135  11:37  Extractor  
  133  12:02  Overlord x2  
  133  12:03  Overlord x7  
  133  12:04  Overlord x3  
  133  12:05  Overseer x4  
  133  12:27  Hydralisk x3  
  133  12:29  Roach x3, Zergling x2  
  152  12:30  Ultralisk x3  
  152  12:31  Zergling x14  
  152  12:32  Zergling x4  
  179  12:58  Ultralisk x2  
  179  13:01  Ultralisk  
  175  13:29  Hatchery  
  174  13:40  Hatchery  
  142  13:47  Hydralisk x20  
  164  13:49  Hydralisk  
  148  14:14  Zerg Missile Weapons Level 3  
  148  14:15  Zerg Melee Weapons Level 3  
  148  15:12  Hydralisk x6  
  148  15:13  Hydralisk x20  
  200  15:16  Extractor  
  193  16:22  Ultralisk x5  
  193  16:23  Ultralisk  
  193  16:25  Ultralisk  
  195  16:26  Ultralisk  
  195  16:31  Zergling x40  
  195  16:32  Zergling x38  
  150  17:14  Hydralisk x3  
  150  17:15  Hydralisk x16  
  159  17:16  Hydralisk x4  
  159  17:18  Hydralisk  
  159  17:21  Hydralisk  
  169  17:40  Extractor  
  166  17:55  Hydralisk x7  
  166  17:56  Hydralisk x8  
Show
View Real Time Build Order
Export as new Build Order

romanama Terran 

Build Orders:  

Get SALT Encoding   

  12  0:00  SCV  
  13  0:12  SCV  
  14  0:19  Supply Depot  
  14  0:24  SCV  
  15  0:40  SCV  
  16  0:42  Barracks  
  16  0:52  SCV  
  17  0:57  Barracks  
  17  1:04  SCV  
  17  1:09  Refinery  
  18  1:16  SCV  
  19  1:29  SCV  
  20  1:38  Marine  
  21  1:49  SCV  
  21  1:51  Command Center  
  21  1:52  Marine  
  23  2:07  Supply Depot  
  23  2:14  Refinery  
  23  2:15  Barracks Reactor  
  23  2:29  Marine, SCV, Supply Depot  
  25  2:41  SCV  
  26  2:47  Marine  
  27  2:57  Factory  
  27  2:59  Orbital Command  
  27  3:02  Marine  
  27  3:04  Refinery  
  28  3:13  Marine  
  28  3:16  Barracks Tech Lab  
  29  3:20  Marine  
  29  3:24  Orbital Command  
  30  3:28  SCV  
  31  3:41  Starport  
  31  3:42  SCV  
  32  3:54  SCV  
  32  3:55  SCV  
  34  4:00  Factory Tech Lab  
  34  4:02  Marine  
  35  4:04  Supply Depot  
  35  4:06  SCV  
  35  4:07  SCV, Combat Shield  
  37  4:10  Marine  
  38  4:18  SCV  
  38  4:19  Engineering Bay  
  38  4:21  SCV  
  40  4:32  Refinery  
  40  4:33  SCV  
  40  4:34  Siege Tank  
  40  4:38  Medivac  
  46  4:43  Supply Depot  
  46  4:45  SCV  
  47  4:48  Marauder  
  49  4:53  Marine  
  49  4:57  SCV  
  51  5:07  SCV  
  51  5:08  Supply Depot  
  51  5:13  Liberator  
  55  5:19  SCV  
  56  5:25  Missile Turret  
  56  5:26  Stimpack  
  56  5:32  SCV  
  56  5:33  Supply Depot  
  57  5:36  Marine  
  57  5:37  Marine  
  57  5:40  SCV  
  60  5:47  Missile Turret  
  60  5:49  Starport  
  61  5:50  SCV  
  61  5:52  SCV  
  62  6:02  SCV, Armory  
  63  6:04  SCV  
  63  6:09  Viking, Factory  
  63  6:11  Marine  
  66  6:17  Missile Turret  
  67  6:20  Marine  
  67  6:22  Marauder  
  70  6:27  Terran Infantry Weapons Level 1  
  70  6:29  Marine  
  70  6:30  Starport Reactor  
  71  6:35  SCV  
  71  6:38  Missile Turret  
  72  6:45  Siege Tank  
  75  6:47  SCV  
  75  6:48  Missile Turret  
  75  6:51  Terran Vehicle Weapons Level 1  
  75  6:53  Marine x2  
  78  6:59  SCV  
  79  7:03  Marauder, Supply Depot  
  79  7:06  Concussive Shells  
  79  7:07  Factory Tech Lab  
  81  7:11  Marine, SCV, Liberator  
  86  7:23  SCV  
  87  7:30  Supply Depot  
  87  7:40  Command Center  
  87  7:41  Thor  
  87  7:44  Marauder  
  95  7:53  Supply Depot  
  95  7:56  Thor  
  101  8:04  Marine  
  101  8:05  Marine  
  103  8:10  Supply Depot  
  103  8:21  Terran Infantry Armor Level 1  
  103  8:22  Marine x2  
  105  8:33  Supply Depot, Barracks  
  105  8:36  Thor  
  111  8:46  Terran Vehicle And Ship Armor Level 1  
  111  8:50  SCV  
  111  8:54  Planetary Fortress  
  111  8:55  Supply Depot, Refinery  
  112  8:59  Thor  
  118  9:03  Viking  
  120  9:18  Starport Tech Lab  
  120  9:41  Refinery  
  120  9:44  Marauder  
  120  9:45  Marine x2  
  123  9:50  Siege Tank  
  127  10:03  Marine x2  
  127  10:05  Marauder  
  131  10:15  Neosteel Armor  
  131  10:21  Marine x2  
  132  10:22  Supply Depot, Siege Tank  
  132  10:25  Barracks Reactor  
  132  10:27  Marauder, Thor  
  144  10:31  Infernal Pre-Igniter  
  144  10:38  Marine  
  144  10:39  Marine  
  144  10:40  Terran Ship Weapons Level 1  
  125  10:44  Supply Depot  
  125  10:48  Marauder  
  111  10:54  Siege Tank  
  111  10:56  Marine  
  115  10:57  Marine  
  103  11:06  Marine  
  103  11:07  Marine, Supply Depot  
  103  11:09  Marauder  
  103  11:10  Hellbat  
  95  11:14  Marine  
  95  11:15  Marine  
  92  11:24  Marine  
  92  11:25  Marine  
  90  11:30  Supply Depot, Marine  
  90  11:32  Marine x2, Hellbat  
  95  11:40  SCV  
  95  11:42  Marine x2  
  98  11:48  Viking x2, Marine  
  98  11:50  Marine x2  
  98  11:52  SCV  
  98  11:53  Hellbat, Supply Depot  
  108  11:55  Terran Infantry Weapons Level 2, Hellion  
  108  12:00  Marine x2  
  112  12:04  SCV  
  112  12:06  Marine  
  112  12:07  Marine  
  112  12:08  Marine  
  115  12:15  Hellbat  
  118  12:16  Hellion, SCV  
  118  12:17  Supply Depot, Marine  
  118  12:18  Viking x2, Marine  
  118  12:22  Raven  
  129  12:24  Marauder  
  129  12:25  Marine  
  129  12:26  Marine  
  129  12:28  SCV  
  134  12:34  Terran Vehicle Weapons Level 2  
  134  12:35  Marine  
  134  12:36  Marine, Hellbat  
  138  12:43  Marine  
  138  12:44  Marine  
  139  12:45  Marine  
  139  12:48  Viking x2, Command Center  
  145  12:51  Siege Tank  
  145  12:53  Marine  
  145  12:54  Marine  
  145  12:56  Banshee  
  145  12:57  Hellbat  
  155  13:01  Marine x2  
  155  13:03  Marine  
  156  13:11  Marine x2  
  115  13:18  Viking x2, Siege Tank  
  115  13:19  Marine x2  
  124  13:21  Marine  
  124  13:23  Siege Tank  
  128  13:29  Marine x2  
  130  13:36  Marine  
  130  13:37  Marine  
  130  13:38  Marine  
  125  13:47  Marine x2  
  102  13:54  Marine  
  102  13:55  Marine  
  99  13:56  Hellion, Marine  
  99  14:01  Refinery  
  102  14:04  Marine, Hellbat  
  102  14:05  Marine  
  102  14:08  Banshee  
  109  14:10  Terran Infantry Armor Level 2  
  109  14:12  Marine  
  109  14:13  Marine  
  109  14:14  Marine  
  112  14:17  Hellion  
  112  14:22  Marine  
  112  14:23  Orbital Command, Marine  
  116  14:25  Thor  
  116  14:30  Marine x2  
  124  14:32  Marine  
  124  14:38  Thor  
  131  14:43  Liberator x2  
  137  14:49  Terran Vehicle And Ship Armor Level 2  
  137  14:50  Marine  
  137  14:51  Banshee  
  141  14:55  Factory  
  141  14:59  Refinery  
  141  15:00  Marine x2  
  143  15:08  Thor, Marauder  
  151  15:17  Marine  
  151  15:18  Marine  
  151  15:21  Thor  
  159  15:25  Liberator  
  159  15:26  Liberator  
  155  15:29  Marauder  
  155  15:34  Banshee  
  155  15:35  Marine  
  127  15:36  Marine  
  129  15:44  Marine x2  
  131  15:51  Marauder, Siege Tank  
  131  15:53  Marine  
  131  15:54  Marine  
  131  15:56  Factory Tech Lab  
  138  16:01  Marine  
  138  16:02  Marine  
  138  16:04  Siege Tank  
  143  16:11  Marine x2  
  143  16:12  Marine  
  146  16:19  Marine  
  146  16:20  Marine  
  146  16:23  Siege Tank  
  127  16:29  Marine x2  
  127  16:30  Marauder  
  107  16:36  Siege Tank  
  107  16:37  Marine x2  
  103  16:46  Marine  
  105  16:47  Hellbat, Marine  
  105  16:51  Marine  
  108  16:55  Marine x2, Barracks, Siege Tank  
  108  16:58  Banshee  
  107  17:04  Marine  
  107  17:05  Marine  
  94  17:08  Hellbat  
  94  17:09  Marine  
  94  17:13  Marine x2  
  87  17:22  Marine  
  82  17:23  Marine  
  82  17:26  Marine  
  80  17:36  Hellion x2  
  75  17:40  Marine  
  75  17:41  Banshee  
  67  17:44  Marine  
  66  17:54  Medivac x2  
  66  17:58  Hellion  
Tags
 
League
GoldGold
Matchup
TvZ
Replay Pack
Multiplayer
Spawn Locations
Cross Positions
Add a new tag
Caveats
  • Supply blocks, unpowered buildings, or Contaminate may cause inaccurate times.
  • Supply counts are checked every 10 seconds.